MLB
HOUSTON ASTROS @ CHICAGO (N) CUBS
06/18/2042
 
TOP OF THE 1ST
Houston Astros batting - Pitching for Chicago (N) Cubs : RHP Mike McDonald
Pitching: RHP Mike McDonald
Batting: LHB Joe Rivera 0-0: Swinging Strike
0-1: Foul Ball, location: 2F
0-2: Ball
1-2: Ball
2-2: Foul Ball, location: 2F
2-2: Strikes out looking
Batting: RHB José Archuleta 0-0: Ball
1-0: Ground out 5-3 (Groundball, 56S, EV 87.5 MPH)
Batting: LHB José Robles 0-0: Foul Ball, location: 2F
0-1: Foul Ball, location: 5FF
0-2: Foul Ball, location: 5FF
0-2: Foul Ball, location: 7LDF
0-2: Strikes out swinging
Top of the 1st over - 0 runs, 0 hits, 0 errors, 0 left on base; Houston 0 - Chicago (N) 0
BOTTOM OF THE 1ST
Chicago (N) Cubs batting - Pitching for Houston Astros : RHP Ted Valéncia
Pitching: RHP Ted Valéncia
Batting: LHB Juan De Los Santos 0-0: Foul Ball, location: 9LSF
0-1: SINGLE (Groundball, 6M, EV 106.9 MPH)
Batting: LHB Luis Cardenas 0-0: Ball
1-0: Called Strike
1-1: Grounds into double play, 4-6-3 (Groundball, 4, EV 108.1 MPH)
Batting: LHB Bob Johnson 0-0: Ball
1-0: Ball
2-0: Ball
3-0: Called Strike
3-1: Called Strike
3-2: Ground out 4-3 (Groundball, 4, EV 103.8 MPH)
Bottom of the 1st over - 0 runs, 1 hit, 0 errors, 0 left on base; Houston 0 - Chicago (N) 0
TOP OF THE 2ND
Houston Astros batting - Pitching for Chicago (N) Cubs : RHP Mike McDonald
Batting: RHB Adrián Juárez 0-0: Swinging Strike
0-1: Ground out 4-3 (Groundball, 4, EV 100.6 MPH)
Batting: RHB Tim O'Kinsella 0-0: Foul Ball, location: 9LSF
0-1: Ball
1-1: Swinging Strike
1-2: Strikes out swinging
Batting: RHB Cam Crouch 0-0: Ground out U3 (Groundball, 34S, EV 68.1 MPH)
Top of the 2nd over - 0 runs, 0 hits, 0 errors, 0 left on base; Houston 0 - Chicago (N) 0
BOTTOM OF THE 2ND
Chicago (N) Cubs batting - Pitching for Houston Astros : RHP Ted Valéncia
Batting: RHB Tim Walsh 0-0: Ball
1-0: Ball
2-0: Called Strike
2-1: Ball
3-1: Foul Ball, location: 5F
3-2: SINGLE (Groundball, 56D, EV 96.3 MPH)
Batting: LHB Paolo Pacheco 0-0: Ball
1-0: SINGLE (Groundball, 34D, EV 101.3 MPH)
Tim Walsh to second
Runner from 2nd tries for 3rd, SAFE, throw by RF made to third
Paolo Pacheco to second
Batting: RHB Tony Aguirre 0-0: Foul Ball, location: 2RF
0-1: Ball
1-1: Foul Ball, location: 2F
1-2: Strikes out looking
Batting: RHB Màximo Guera 0-0: Called Strike
0-1: Fly out, F5 (Popup, 25, EV 85.6 MPH)
Batting: RHB Juan Cuevas 0-0: Called Strike
0-1: Ball
1-1: Swinging Strike
1-2: Foul Ball, location: 23F
1-2: Strikes out swinging
Bottom of the 2nd over - 0 runs, 2 hits, 0 errors, 2 left on base; Houston 0 - Chicago (N) 0
TOP OF THE 3RD
Houston Astros batting - Pitching for Chicago (N) Cubs : RHP Mike McDonald
Batting: RHB Kokushi Uemura 0-0: Called Strike
0-1: Called Strike
0-2: Fly out, F8 (Flyball, 8LXD, EV 110.6 MPH)
Batting: RHB António Garza 0-0: Called Strike
0-1: Called Strike
0-2: Ball
1-2: Strikes out looking
Batting: RHB Manny Castillo 0-0: SINGLE (Groundball, 13S, EV 72.5 MPH) (infield hit)
Batting: LHB Joe Rivera 0-0: Foul Ball, location: 2F
0-1: Called Strike
0-2: Ball
1-2: Foul Ball, location: 7LMF
1-2: Ball
2-2: Foul Ball, location: 23F
2-2: Foul Ball, location: 7LDF
2-2: Ground out U3 (Groundball, 3, EV 94.4 MPH)
Top of the 3rd over - 0 runs, 1 hit, 0 errors, 1 left on base; Houston 0 - Chicago (N) 0
BOTTOM OF THE 3RD
Chicago (N) Cubs batting - Pitching for Houston Astros : RHP Ted Valéncia
Batting: RHB Raúl Peña 0-0: Called Strike
0-1: DOUBLE (Line Drive, 78D, EV 110.6 MPH)
Batting: LHB Juan De Los Santos 0-0: Foul Ball, location: 5FF
0-1: Ball
1-1: Swinging Strike
1-2: Strikes out swinging
Batting: LHB Luis Cardenas 0-0: Foul Ball, location: 3F
0-1: Hit by Pitch
Batting: LHB Bob Johnson 0-0: Foul Ball, location: 2F
0-1: SINGLE (Groundball, 56D, EV 98.1 MPH)
Raúl Peña to third
Luis Cardenas to second
Runner from 3rd tries for Home, SAFE, throw by LF to home
Batting: RHB Tim Walsh 0-0: Swinging Strike
0-1: Called Strike
0-2: Strikes out swinging
Batting: LHB Paolo Pacheco 0-0: Ground out 4-3 (Groundball, 34, EV 85.0 MPH)
Bottom of the 3rd over - 1 run, 2 hits, 0 errors, 2 left on base; Houston 0 - Chicago (N) 1
TOP OF THE 4TH
Houston Astros batting - Pitching for Chicago (N) Cubs : RHP Mike McDonald
Batting: RHB José Archuleta 0-0: Ball
1-0: Foul Ball, location: 2F
1-1: Ball
2-1: Ball
3-1: Called Strike
3-2: Foul Ball, location: 3SF
3-2: Strikes out swinging
Batting: LHB José Robles 0-0: Ball
1-0: Ball
2-0: Ball
3-0: Called Strike
3-1: Foul Ball, location: 2F
3-2: Foul Ball, location: 3FF
3-2: Hit by Pitch
Batting: RHB Adrián Juárez 0-0: Foul Ball, location: 2LF
0-1: Fly out, F5 (Popup, 25F, EV 89.4 MPH)
Batting: RHB Tim O'Kinsella 0-0: Called Strike
0-1: Ball
1-1: Foul Ball, location: 5FF
1-2: Strikes out swinging
Top of the 4th over - 0 runs, 0 hits, 0 errors, 1 left on base; Houston 0 - Chicago (N) 1
BOTTOM OF THE 4TH
Chicago (N) Cubs batting - Pitching for Houston Astros : RHP Ted Valéncia
Batting: RHB Tony Aguirre 0-0: Ball
1-0: Ground out U3 (Groundball, 13, EV 89.4 MPH)
Batting: RHB Màximo Guera 0-0: Fly out, F7 (Flyball, 7, EV 94.4 MPH)
Batting: RHB Juan Cuevas 0-0: Ball
1-0: Ball
2-0: Called Strike
2-1: SINGLE (Line Drive, 89S, EV 84.4 MPH)
Batting: RHB Raúl Peña 0-0: Called Strike
0-1: Foul Ball, location: 2F
0-2: Ground out 1-3 (Groundball, 34S, EV 75.0 MPH)
Bottom of the 4th over - 0 runs, 1 hit, 0 errors, 1 left on base; Houston 0 - Chicago (N) 1
TOP OF THE 5TH
Houston Astros batting - Pitching for Chicago (N) Cubs : RHP Mike McDonald
Batting: RHB Cam Crouch 0-0: Called Strike
0-1: Ball
1-1: Foul Ball, location: 25F
1-2: Ball
2-2: Fly out, F6 (Line Drive, 6, EV 69.4 MPH)
Batting: RHB Kokushi Uemura 0-0: Ball
1-0: Called Strike
1-1: Ground out 6-3 (Groundball, 6M, EV 91.9 MPH)
Batting: RHB António Garza 0-0: Called Strike
0-1: Ground out 5-3 (Groundball, 56, EV 75.6 MPH)
Top of the 5th over - 0 runs, 0 hits, 0 errors, 0 left on base; Houston 0 - Chicago (N) 1
BOTTOM OF THE 5TH
Chicago (N) Cubs batting - Pitching for Houston Astros : RHP Ted Valéncia
Batting: LHB Juan De Los Santos 0-0: Called Strike
0-1: Swinging Strike
0-2: Foul Ball, location: 3SF
0-2: Strikes out swinging
Batting: LHB Luis Cardenas 0-0: Called Strike
0-1: Ball
1-1: Called Strike
1-2: Ball
2-2: Ground out 6-3 (Groundball, 4MD, EV 99.4 MPH)
Batting: LHB Bob Johnson 0-0: Ball
1-0: Swinging Strike
1-1: Called Strike
1-2: Strikes out swinging
Bottom of the 5th over - 0 runs, 0 hits, 0 errors, 0 left on base; Houston 0 - Chicago (N) 1
TOP OF THE 6TH
Houston Astros batting - Pitching for Chicago (N) Cubs : RHP Mike McDonald
Batting: RHB Manny Castillo 0-0: Ball
1-0: Foul Ball, location: 2F
1-1: Ball
2-1: Swinging Strike
2-2: Strikes out swinging
Batting: LHB Joe Rivera 0-0: Ball
1-0: Ground out U3 (Groundball, 3, EV 85.0 MPH)
Batting: RHB José Archuleta 0-0: Foul Ball, location: 2F
0-1: Fly out, F7 (Flyball, 7D, EV 91.3 MPH)
Top of the 6th over - 0 runs, 0 hits, 0 errors, 0 left on base; Houston 0 - Chicago (N) 1
BOTTOM OF THE 6TH
Chicago (N) Cubs batting - Pitching for Houston Astros : RHP Ted Valéncia
Batting: RHB Tim Walsh 0-0: Swinging Strike
0-1: Foul Ball, location: 5DF
0-2: Strikes out swinging
Batting: LHB Paolo Pacheco 0-0: Ball
1-0: Ball
2-0: Ball
3-0: Base on Balls
Batting: RHB Tony Aguirre 0-0: Called Strike
0-1: Swinging Strike
0-2: Fly out, F3 (Popup, 3SF, EV 78.1 MPH)
Batting: RHB Màximo Guera 0-0: Swinging Strike
0-1: Ball
1-1: DOUBLE (Flyball, 89D, EV 96.9 MPH)
Paolo Pacheco to third
Runner from 3rd tries for Home, SAFE, no throw by CF
Batting: RHB Juan Cuevas 0-0: Swinging Strike
0-1: Ball
1-1: Foul Ball, location: 2F
1-2: Fly out, F9 (Flyball, 9, EV 88.8 MPH)
Bottom of the 6th over - 1 run, 1 hit, 0 errors, 1 left on base; Houston 0 - Chicago (N) 2
TOP OF THE 7TH
Houston Astros batting - Pitching for Chicago (N) Cubs : RHP Mike McDonald
Batting: LHB José Robles 0-0: Called Strike
0-1: Called Strike
0-2: Foul Ball, location: 7LMF
0-2: Foul Ball, location: 2F
0-2: Ball
1-2: Strikes out swinging
Batting: RHB Adrián Juárez 0-0: Ground out 6-3 (Groundball, 6, EV 99.4 MPH)
Batting: RHB Tim O'Kinsella 0-0: Swinging Strike
0-1: Ball
1-1: Swinging Strike
1-2: Strikes out swinging
Top of the 7th over - 0 runs, 0 hits, 0 errors, 0 left on base; Houston 0 - Chicago (N) 2
BOTTOM OF THE 7TH
Chicago (N) Cubs batting - Pitching for Houston Astros : RHP Ted Valéncia
Batting: RHB Raúl Peña 0-0: Foul Ball, location: 25F
0-1: Swinging Strike
0-2: Strikes out swinging
Batting: LHB Juan De Los Santos 0-0: Foul Ball, location: 2F
0-1: Ball
1-1: Ball
2-1: Called Strike
2-2: Ball
3-2: Base on Balls
Batting: LHB Luis Cardenas 0-0: Ball
1-0: Called Strike
Juan De Los Santos steals 2nd base
1-1: Ground out 4-3 (Groundball, 4S, EV 80.6 MPH)
Juan De Los Santos to third
Pitching: LHP Johnny Bradley
Batting: LHB Bob Johnson 0-0: Ball
1-0: Ball
2-0: Ball
3-0: Base on Balls
Batting: RHB Tim Walsh 0-0: Ball
1-0: Fly out, F9 (Flyball, 89M, EV 92.5 MPH)
Bottom of the 7th over - 0 runs, 0 hits, 0 errors, 2 left on base; Houston 0 - Chicago (N) 2
TOP OF THE 8TH
Houston Astros batting - Pitching for Chicago (N) Cubs : RHP Mike McDonald
Pitching: RHP José Ríos
Pinch Hitting: RHB José Mercado 0-0: Ball
1-0: Foul Ball, location: 2F
1-1: Ball
2-1: Ball
3-1: Foul Ball, location: 5FF
3-2: DOUBLE (Line Drive, 9LS, EV 105.0 MPH)
Batting: RHB Kokushi Uemura 0-0: Foul Ball, location: 23F
0-1: Foul Ball, location: 25F
0-2: Ball
1-2: Strikes out swinging
Batting: RHB António Garza Balk!
José Mercado to third
0-0: Called Strike
0-1: Fly out, F5 (Popup, 25F, EV 88.1 MPH)
Batting: RHB Manny Castillo 0-0: Swinging Strike
0-1: Ball
1-1: Foul Ball, location: 9LDF
1-2: Foul Ball, location: 2F
1-2: Strikes out swinging
Top of the 8th over - 0 runs, 1 hit, 0 errors, 1 left on base; Houston 0 - Chicago (N) 2
BOTTOM OF THE 8TH
Chicago (N) Cubs batting - Pitching for Houston Astros : LHP Johnny Bradley
Now in LF: Brendan Jeffries
Now in CF: José Archuleta
Batting: LHB Paolo Pacheco 0-0: Called Strike
0-1: Swinging Strike
0-2: Foul Ball, location: 2LF
0-2: Strikes out swinging, 2-3 out at first.
Pitching: RHP José Menéndez
Batting: RHB Tony Aguirre 0-0: Called Strike
0-1: Ground out 5-3 (Groundball, 56S, EV 90.0 MPH)
Batting: RHB Màximo Guera 0-0: Ball
1-0: Foul Ball, location: 2F
1-1: Swinging Strike
1-2: Foul Ball, location: 2F
1-2: Ball
2-2: Foul Ball, location: 2F
2-2: Ground out 6-3 (Groundball, 6, EV 87.5 MPH)
Bottom of the 8th over - 0 runs, 0 hits, 0 errors, 0 left on base; Houston 0 - Chicago (N) 2
TOP OF THE 9TH
Houston Astros batting - Pitching for Chicago (N) Cubs : RHP José Ríos
Batting: LHB Joe Rivera 0-0: Ball
1-0: Ball
2-0: Ground out 1-3 (Groundball, 34S, EV 68.8 MPH)
Pitching: RHP Bob Head
Batting: RHB José Archuleta 0-0: Ball
1-0: Called Strike
1-1: Ground out 2-3 (Groundball, 13S, EV 68.1 MPH)
Batting: LHB José Robles 0-0: Ball
1-0: Ground out 4-3 (Groundball, 34, EV 86.3 MPH)
Top of the 9th over - 0 runs, 0 hits, 0 errors, 0 left on base; Houston 0 - Chicago (N) 2
Monday, May 6th , 2024 - OOTP Baseball 24.10 Build 82